ESL (28 & UNDER)
SPRINGFIELD SIMPSONS @ PENQUANNOCK OVERRATED JETER
04/13/2027
 
TOP OF THE 1ST
Springfield Simpsons batting - Pitching for Penquannock Overrated Jeter : RHP Frank Davis
Pitching: RHP Frank Davis
Batting: LHB Jesús Raugel 0-0: SINGLE (Groundball, 4MD)
Batting: RHB Esteban Salas Pickoff Throw to First - Error! E1
Jesús Raugel to second
0-0: Called Strike
0-1: Ground out 5-3 (Groundball, 56S)
Jesús Raugel to third
Batting: RHB Jorge Collazo 0-0: Ground out 4-3 (Groundball, 4)
Jesús Raugel scores
Batting: LHB Carlos De La Rosa 0-0: Called Strike
0-1: Ball
1-1: Called Strike
1-2: Foul Ball, location: 2F
1-2: Foul Ball, location: 2F
1-2: Strikes out swinging
Top of the 1st over - 1 run(s), 1 hit(s), 1 error(s), 0 left on base; Springfield 1 - Penquannock 0
BOTTOM OF THE 1ST
Penquannock Overrated Jeter batting - Pitching for Springfield Simpsons : RHP Alfredo Montero
Pitching: RHP Alfredo Montero
Batting: SHB Bob Noble 0-0: Ball
1-0: Ground out 4-3 (Groundball, 4M)
Batting: RHB Doug Brown 0-0: Swinging Strike
0-1: Ball
1-1: Foul Ball, location: 2F
1-2: Strikes out looking
Batting: RHB José Velásquez 0-0: SINGLE (Groundball, 56D)
Batting: LHB Pete Weber 0-0: Swinging Strike
0-1: Ground out 1-3 (Groundball, 13S)
Bottom of the 1st over - 0 run(s), 1 hit(s), 0 error(s), 1 left on base; Springfield 1 - Penquannock 0
TOP OF THE 2ND
Springfield Simpsons batting - Pitching for Penquannock Overrated Jeter : RHP Frank Davis
Batting: LHB Todd Anderson 0-0: SOLO HOME RUN (Flyball, 89XD), Distance : 419 ft
Batting: SHB Conan Hanson 0-0: Ball
1-0: Swinging Strike
1-1: Ball
2-1: Ball
3-1: Base on Balls
Batting: RHB Bob Carr 0-0: Ball
1-0: Ball
2-0: Swinging Strike
2-1: Ball
3-1: Swinging Strike
3-2: Strikes out looking
Batting: LHB Bruce Foster 0-0: Ball
Wild Pitch!
Conan Hanson to second
1-0: Ball
2-0: Ball
3-0: Called Strike
3-1: Foul Ball, location: 2F
3-2: SINGLE (Line Drive, 4MD)
Conan Hanson to third
Runner from 3rd tries for Home, SAFE, throw made home
Bruce Foster to second
Batting: RHB Roberto Solís 0-0: Ball
1-0: Swinging Strike
1-1: Ball
2-1: Ball
3-1: Base on Balls
Batting: LHB Jesús Raugel 0-0: Reached on error, E4 (Groundball, 34)
Bruce Foster to third
Roberto Solís to second
Batting: RHB Esteban Salas 0-0: Swinging Strike
0-1: Foul Ball, location: 2F
0-2: Foul Ball, location: 2F
0-2: Ball
1-2: Foul Ball, location: 2F
1-2: Foul Ball, location: 2F
1-2: Grounds into double play, 6-4-3 (Groundball, 6)
Top of the 2nd over - 2 run(s), 2 hit(s), 1 error(s), 2 left on base; Springfield 3 - Penquannock 0
BOTTOM OF THE 2ND
Penquannock Overrated Jeter batting - Pitching for Springfield Simpsons : RHP Alfredo Montero
Batting: LHB Tony Green 0-0: Fly out, F7 (Flyball, 78S)
Batting: RHB Manny Perea 0-0: Ball
1-0: Fly out, F8 (Flyball, 8RM)
Batting: RHB Armando Pagán 0-0: Foul Ball, location: 2F
0-1: Foul Ball, location: 2F
0-2: Ball
1-2: Strikes out swinging
Bottom of the 2nd over - 0 run(s), 0 hit(s), 0 error(s), 0 left on base; Springfield 3 - Penquannock 0
TOP OF THE 3RD
Springfield Simpsons batting - Pitching for Penquannock Overrated Jeter : RHP Frank Davis
Batting: RHB Jorge Collazo 0-0: SINGLE (Flyball, 9S)
Batting: LHB Carlos De La Rosa 0-0: Called Strike
0-1: Foul Ball, location: 2F
0-2: Foul Ball, location: 2F
0-2: Ball
1-2: Ball
2-2: DOUBLE (Line Drive, 89D)
Jorge Collazo to third
Batting: LHB Todd Anderson 0-0: Called Strike
0-1: Ball
1-1: Foul Ball, location: 2F
1-2: Foul Ball, location: 2F
1-2: Strikes out swinging
Batting: SHB Conan Hanson 0-0: Ball
1-0: Single, Error in OF, E9, batter to second base
Jorge Collazo scores
Carlos De La Rosa scores
Batting: RHB Bob Carr 0-0: Ball
1-0: Swinging Strike
1-1: Ball
2-1: Called Strike
2-2: Fly out, F7 (Line Drive, 7)
Batting: LHB Bruce Foster 0-0: Ball
1-0: Ball
2-0: Called Strike
2-1: Fly out, F8 (Flyball, 8LS)
Top of the 3rd over - 2 run(s), 3 hit(s), 1 error(s), 1 left on base; Springfield 5 - Penquannock 0
BOTTOM OF THE 3RD
Penquannock Overrated Jeter batting - Pitching for Springfield Simpsons : RHP Alfredo Montero
Batting: RHB Barton Frazier 0-0: Swinging Strike
0-1: Foul Ball, location: 2F
0-2: Ball
1-2: Strikes out looking
Batting: RHB Juan Velásquez 0-0: Called Strike
0-1: Foul Ball, location: 2F
0-2: Strikes out swinging, 2-3 out at first.
Batting: SHB Bob Noble 0-0: Ball
1-0: Swinging Strike
1-1: Fly out, F8 (Line Drive, 8RD)
Bottom of the 3rd over - 0 run(s), 0 hit(s), 0 error(s), 0 left on base; Springfield 5 - Penquannock 0
TOP OF THE 4TH
Springfield Simpsons batting - Pitching for Penquannock Overrated Jeter : RHP Frank Davis
Batting: RHB Roberto Solís 0-0: Called Strike
0-1: Ball
1-1: Ball
2-1: SINGLE (Line Drive, 89S)
Pitching: RHP Javier González
Batting: LHB Jesús Raugel 0-0: Called Strike
0-1: Swinging Strike
0-2: Fielders Choice at 2nd, 6-4 (Groundball, 6)
Batting: RHB Esteban Salas 0-0: Called Strike
0-1: Foul Ball, location: 2F
0-2: Foul Ball, location: 2F
0-2: Strikes out swinging
Jesús Raugel steals 2nd base
Batter strikes out.
Batting: RHB Jorge Collazo 0-0: Ground out 5-3 (Groundball, 56)
Top of the 4th over - 0 run(s), 1 hit(s), 0 error(s), 1 left on base; Springfield 5 - Penquannock 0
BOTTOM OF THE 4TH
Penquannock Overrated Jeter batting - Pitching for Springfield Simpsons : RHP Alfredo Montero
Batting: RHB Doug Brown 0-0: Called Strike
0-1: Ground out 6-3 (Groundball, 56D)
Batting: RHB José Velásquez 0-0: Ball
1-0: Foul Ball, location: 2F
1-1: Foul Ball, location: 2F
1-2: Strikes out swinging
Batting: LHB Pete Weber 0-0: Called Strike
0-1: Ball
1-1: Foul Ball, location: 2F
1-2: Foul Ball, location: 2F
1-2: Strikes out looking
Bottom of the 4th over - 0 run(s), 0 hit(s), 0 error(s), 0 left on base; Springfield 5 - Penquannock 0
TOP OF THE 5TH
Springfield Simpsons batting - Pitching for Penquannock Overrated Jeter : RHP Javier González
Batting: LHB Carlos De La Rosa 0-0: Ball
1-0: Ground out 4-3 (Groundball, 4)
Batting: LHB Todd Anderson 0-0: Ball
1-0: Called Strike
1-1: Called Strike
1-2: Foul Ball, location: 2F
1-2: Strikes out swinging
Batting: SHB Conan Hanson 0-0: Ball
1-0: Fly out, F8 (Flyball, 8RM)
Top of the 5th over - 0 run(s), 0 hit(s), 0 error(s), 0 left on base; Springfield 5 - Penquannock 0
BOTTOM OF THE 5TH
Penquannock Overrated Jeter batting - Pitching for Springfield Simpsons : RHP Alfredo Montero
Batting: LHB Tony Green 0-0: Ball
1-0: Ground out 5-3 (Groundball, 56S)
Batting: RHB Manny Perea 0-0: SINGLE (Line Drive, 6MD)
Batting: RHB Armando Pagán 0-0: Ball
1-0: SINGLE (Line Drive, 56)
Manny Perea to second
Batting: RHB Barton Frazier 0-0: Called Strike
0-1: Ball
Wild Pitch!
Manny Perea to third
Armando Pagán to second
1-1: Fly out, F8 (Flyball, 8RD)
Runner from 3rd tags up, SCORES, no throw
Armando Pagán to third
Batting: RHB Juan Velásquez 0-0: Swinging Strike
0-1: Ball
1-1: Ball
2-1: Hit by Pitch
Batting: SHB Bob Noble 0-0: Ball
1-0: Reached on error, E4 (Groundball, 4)
Armando Pagán scores
Juan Velásquez to second
Batting: RHB Doug Brown 0-0: Ball
1-0: Ball
2-0: Called Strike
2-1: Foul Ball, location: 2F
2-2: Ball
3-2: Strikes out swinging
Bottom of the 5th over - 2 run(s), 2 hit(s), 1 error(s), 2 left on base; Springfield 5 - Penquannock 2
TOP OF THE 6TH
Springfield Simpsons batting - Pitching for Penquannock Overrated Jeter : RHP Javier González
Batting: RHB Bob Carr 0-0: Ball
1-0: Called Strike
1-1: Swinging Strike
1-2: Strikes out swinging
Batting: LHB Bruce Foster 0-0: Ball
1-0: Ball
2-0: Called Strike
2-1: Ground out 5-3 (Groundball, 56S)
Batting: RHB Roberto Solís 0-0: Swinging Strike
0-1: Foul Ball, location: 2F
0-2: Ball
1-2: Strikes out looking
Top of the 6th over - 0 run(s), 0 hit(s), 0 error(s), 0 left on base; Springfield 5 - Penquannock 2
BOTTOM OF THE 6TH
Penquannock Overrated Jeter batting - Pitching for Springfield Simpsons : RHP Alfredo Montero
Batting: RHB José Velásquez 0-0: Ball
1-0: Foul Ball, location: 2F
1-1: Ball
2-1: Ground out 6-3 (Groundball, 6)
Batting: LHB Pete Weber 0-0: Fly out, F7 (Line Drive, 7)
Batting: LHB Tony Green 0-0: Swinging Strike
0-1: Called Strike
0-2: Ball
1-2: Foul Ball, location: 2F
1-2: Fly out, F7 (Flyball, 7LS)
Bottom of the 6th over - 0 run(s), 0 hit(s), 0 error(s), 0 left on base; Springfield 5 - Penquannock 2
TOP OF THE 7TH
Springfield Simpsons batting - Pitching for Penquannock Overrated Jeter : RHP Javier González
Pitching: RHP Toshikuni Nishimura
Batting: LHB Jesús Raugel 0-0: Foul Ball, location: 2F
0-1: Ground out 4-3 (Groundball, 4)
Batting: RHB Esteban Salas 0-0: Ball
1-0: Swinging Strike
1-1: Ball
2-1: Called Strike
2-2: Ground out 6-3 (Groundball, 6)
Batting: RHB Jorge Collazo 0-0: Ball
1-0: Ball
2-0: Called Strike
2-1: Ground out 4-3 (Groundball, 4)
Top of the 7th over - 0 run(s), 0 hit(s), 0 error(s), 0 left on base; Springfield 5 - Penquannock 2
BOTTOM OF THE 7TH
Penquannock Overrated Jeter batting - Pitching for Springfield Simpsons : RHP Alfredo Montero
Batting: RHB Manny Perea 0-0: Ball
1-0: Called Strike
1-1: Foul Ball, location: 2F
1-2: Ball
2-2: Foul Ball, location: 2F
2-2: Ball
3-2: Foul Ball, location: 2F
3-2: Fly out, F2 (Popup, 15S)
Batting: RHB Armando Pagán 0-0: Fly out, F7 (Flyball, 7S)
Batting: RHB Barton Frazier 0-0: Foul Ball, location: 2F
0-1: Hit by Pitch
Pitching: LHP Justin Short
Batting: RHB Juan Velásquez 0-0: Called Strike
0-1: Called Strike
0-2: Foul Ball, location: 2F
0-2: Ball
1-2: Strikes out swinging
Bottom of the 7th over - 0 run(s), 0 hit(s), 0 error(s), 1 left on base; Springfield 5 - Penquannock 2
TOP OF THE 8TH
Springfield Simpsons batting - Pitching for Penquannock Overrated Jeter : RHP Toshikuni Nishimura
Batting: LHB Carlos De La Rosa 0-0: Foul Ball, location: 2F
0-1: Ball
1-1: Called Strike
1-2: Strikes out swinging
Batting: LHB Todd Anderson 0-0: Foul Ball, location: 2F
0-1: Foul Ball, location: 2F
0-2: Strikes out swinging
Batting: SHB Conan Hanson 0-0: Ball
1-0: Foul Ball, location: 2F
1-1: Reached on error, E4 (Groundball, 34)
Batting: RHB Bob Carr 0-0: Ball
1-0: Ball
2-0: Called Strike
2-1: Ball
3-1: Foul Ball, location: 2F
3-2: Strikes out swinging
Top of the 8th over - 0 run(s), 0 hit(s), 1 error(s), 1 left on base; Springfield 5 - Penquannock 2
BOTTOM OF THE 8TH
Penquannock Overrated Jeter batting - Pitching for Springfield Simpsons : LHP Justin Short
Batting: SHB Bob Noble 0-0: Called Strike
0-1: Foul Ball, location: 2F
0-2: Strikes out looking
Batting: RHB Doug Brown 0-0: SINGLE (Flyball, 7S)
Pitching: RHP Sixto Santiago
Batting: RHB José Velásquez 0-0: Fly out, F8 (Line Drive, 8LS)
Pitching: RHP David Nanod
Batting: LHB Pete Weber 0-0: Fly out, F7 (Flyball, 7LSF)
Bottom of the 8th over - 0 run(s), 1 hit(s), 0 error(s), 1 left on base; Springfield 5 - Penquannock 2
TOP OF THE 9TH
Springfield Simpsons batting - Pitching for Penquannock Overrated Jeter : RHP Toshikuni Nishimura
Batting: LHB Bruce Foster 0-0: Ball
1-0: Fly out, F8 (Flyball, 8LM)
Batting: RHB Roberto Solís 0-0: Called Strike
0-1: Ball
1-1: Swinging Strike
1-2: Foul Ball, location: 2F
1-2: Foul Ball, location: 2F
1-2: Strikes out looking
Batting: LHB Jesús Raugel 0-0: Foul Ball, location: 2F
0-1: Foul Ball, location: 2F
0-2: Strikes out looking
Top of the 9th over - 0 run(s), 0 hit(s), 0 error(s), 0 left on base; Springfield 5 - Penquannock 2
BOTTOM OF THE 9TH
Penquannock Overrated Jeter batting - Pitching for Springfield Simpsons : RHP David Nanod
Pitching: LHP David Taylor
Batting: LHB Tony Green 0-0: Called Strike
0-1: Ground out 6-3 (Groundball, 6)
Batting: RHB Manny Perea 0-0: Called Strike
0-1: SINGLE (Line Drive, 6M)
Batting: RHB Armando Pagán 0-0: Grounds into double play, 6-4-3 (Groundball, 6MD)
Bottom of the 9th over - 0 run(s), 1 hit(s), 0 error(s), 0 left on base; Springfield 5 - Penquannock 2
Thursday, March 30th, 2017 - OOTP Baseball 17.12 Build 75